 Dungeon Crawl Stone Soup version 0.19.5 (webtiles) character file.

53 Gargoyl the Skirmisher (level 3, -3/33 HPs)
             Began as a Ghoul Abyssal Knight on Mar 24, 2017.
             Was a Follower of Lugonu.
             Slain by a worm (10 damage)
             ... on level 2 of the Dungeon.
             The game lasted 00:02:12 (1025 turns).

Gargoyl the Skirmisher (Ghoul Abyssal Knight)       Turns: 1025, Time: 00:02:13

Health: -3/33      AC:  3    Str: 15    XL:     3   Next: 89%
Magic:  0/3        EV: 11    Int:  7    God:    Lugonu [*.....]
Gold:   35         SH:  0    Dex:  9    Spells: 0 memorised, 2 levels left

rFire  . . .     SeeInvis .     a - +1 hand axe
rCold  + . .     Gourm    .     b - +0 leather armour
rNeg   + + +     Faith    .     (no shield)
rPois  ∞         Spirit   +     (no helmet)
rElec  .         Reflect  .     (no cloak)
rCorr  .         Harm     .     (no gloves)
MR     .....                    (no boots)
Stlth  +.........               d - amulet of guardian spirit
                                (no ring)
                                (no ring)

@: rotting
A: rotting body, claws 1, carnivore 3, cold resistance 1, negative energy
resistance 3, slow regeneration 1, torment resistance, unbreathing
a: Depart the Abyss, Renounce Religion


You were on level 2 of the Dungeon.
You worshipped Lugonu.
Lugonu was aware of your devotion.
You were not hungry.

You visited 1 branch of the dungeon, and saw 2 of its levels.
You visited the Abyss 1 time.

You collected 35 gold pieces.

Inventory:

Hand Weapons
 a - a +1 hand axe (weapon)
Armour
 b - a +0 leather armour (worn)
 k - a +0 chain mail
Jewellery
 d - an amulet of guardian spirit (around neck)
Scrolls
 h - 3 scrolls of identify
Potions
 e - a potion of invisibility
 i - a potion of cancellation {unknown}
 j - a potion of agility {unknown}
Comestibles
 c - a meat ration


   Skills:
 + Level 3.8 Fighting
 + Level 2.4 Axes
 * Level 2.2 Armour
 + Level 1.1 Dodging
 * Level 2.4 Invocations


You had 2 spell levels left.
You didn't know any spells.

Dungeon Overview and Level Annotations

Branches:
Dungeon (1/15)

Altars:


Innate Abilities, Weirdness & Mutations

Your body is rotting away.
You thrive on raw meat.
You are immune to poison.
You have sharp fingernails.
You are carnivorous and can eat meat at any time.
Your flesh is cold resistant. (rC+)
You are immune to negative energy. (rN+++)
You regenerate slowly when monsters are visible.
You are immune to unholy pain and torment.
You can survive without breathing.


Message History

You slash the adder!
You kill the adder!
Lugonu accepts your kill.
You barely miss the worm. You hit the worm.
The worm is moderately wounded.
The worm closely misses you.
You hit the worm.
The worm is moderately wounded.
The worm barely misses you.
You barely miss the worm.
The worm is moderately wounded.
You hit the worm.
The worm is heavily wounded.
The worm bites you.
* * * LOW HITPOINT WARNING * * *
You barely miss the worm.
The worm is heavily wounded.
The worm bites you!
You die...

##########
#........#
#........#
#.(......#
#........#
#.......@###
#####....w.##
######..###########
##.#.........#
#....w....÷.#
###......†÷.#
##.##..#### #.....#
####....


You could see a worm.

Vanquished Creatures
  3 adders (D:2)
  A leopard gecko (D:2)
  A giant cockroach (D:1)
  3 goblins (D:1)
  2 hobgoblins (D:1)
  5 jackals (D:2)
  A ball python (D:1)
  A frilled lizard (D:1)
  4 kobolds (D:1)
  6 rats
27 creatures vanquished.

Notes
Turn   | Place    | Note
-------+----------+-------------------------------------------
     0 | Abyss:1  | Gargoyl the Ghoul Abyssal Knight began the quest for the Orb.
     0 | Abyss:1  | Reached XP level 1. HP: 19/19 MP: 1/1
    52 | Abyss:1  | Noticed a small abomination
    53 | Abyss:1  | Noticed a quasit
    55 | Abyss:1  | Noticed a large abomination
    57 | Abyss:1  | Noticed a large abomination
    58 | D:1      | Escaped the Abyss
   344 | D:1      | Reached XP level 2. HP: 25/26 MP: 2/2
   415 | D:1      | Reached * piety under Lugonu
   878 | D:1      | You fall through a shaft!
   940 | D:2      | Reached skill level 1 in Dodging
   940 | D:2      | Reached XP level 3. HP: 9/33 MP: 0/3
  1025 | D:2      | Slain by a worm

Skill      XL: |  1  2 |
---------------+-------+-----
Armour         | 2 |  2.2
Axes           | 2 |  2.4
Dodging        | 1 |  1.1
Fighting       | |  3.8
Invocations    | |  2.4

Action                   || total
-------------------------++-------
Melee: Hand axe          ||   100
Invok: Depart the Abyss  ||     1
  Use: Scroll            ||     1
       Potion            ||     2
  Eat: Chunk             ||    23
Armor: Leather armour    ||    32
Dodge: Dodged            ||    85
